 Dungeon Crawl Stone Soup version 0.30-b1-2-g02819fbbbe (webtiles) character file.

Game seed: 11902099371684238719

366 maniek23 the Vexing (level 6, 0/47 HPs)
             Began as a Gnoll Hexslinger on July 26, 2023.
             Slain by Grinder (3 damage)
             ... while paralysed by Grinder
             ... on level 3 of the Dungeon.
             The game lasted 00:08:15 (2360 turns).

maniek23 the Vexing (Gnoll Hexslinger)              Turns: 2360, Time: 00:08:15

Health: 0/47       AC:  4    Str:  9    XL:     6   Next: 68%
Magic:  9/11       EV:  2    Int: 13    God:
Gold:   180        SH:  0    Dex: 14    Spells: 11/12 levels left

rFire   . . .        b - +2 dagger (venom)
rCold   . . .        g - +0 buckler
rNeg    . . .        c - +0 robe
rPois   .            k - +1 hat
rElec   .            (no cloak)
rCorr   .            h - +0 pair of gloves
SInv    .            (no boots)
Will    .....        (no amulet)
Stlth   ++           (no ring)
HPRegen 0.27/turn    (no ring)
MPRegen 0.12/turn

%: no passive effects
@: paralysed, lethally poisoned (0 -> -1)
A: fangs 1, strong nose, distributed training
a: no special abilities


You were on level 3 of the Dungeon.
You visited 1 branch of the dungeon, and saw 3 of its levels.

You collected 180 gold pieces.

Inventory:

Hand Weapons
 a - a +1 sling
 b - a +2 dagger of venom (weapon)
 f - a +0 short sword of venom
Armour
 c - a +0 robe (worn)
 g - a +0 buckler (worn)
 h - a +0 pair of gloves (worn)
 k - a +1 hat (worn)
Wands
 w - a wand of flame (12)
Scrolls
 d - 2 scrolls of amnesia {unknown}
 e - 3 scrolls of poison
 i - a scroll of vulnerability {unknown}
 j - 2 scrolls of identify {unknown}
 m - a scroll of teleportation {unknown}
 p - a scroll of enchant weapon {unknown}
 r - a scroll of torment {unknown}
 s - a scroll of fog {unknown}
 v - a scroll of enchant armour {unknown}
Potions
 l - a potion of curing {unknown}
 n - 2 potions of brilliance {unknown}
 o - a potion of flight {unknown}
 q - 2 potions of attraction {unknown}
 t - a potion of lignification {unknown}
 x - a potion of berserk rage {unknown}


   Skills:
 + Level 3.4 Fighting
 + Level 2.1 Short Blades
 + Level 2.1 Long Blades
 + Level 2.1 Axes
 + Level 2.1 Maces & Flails
 + Level 2.1 Polearms
 + Level 2.1 Staves
 + Level 5.1 Ranged Weapons
 + Level 2.1 Throwing
 + Level 2.1 Armour
 + Level 5.1 Dodging
 + Level 2.1 Stealth
 + Level 2.1 Shields
 + Level 2.1 Unarmed Combat
 + Level 3.5 Spellcasting
 + Level 1.7 Conjurations
 + Level 5.7 Hexes
 + Level 1.7 Summonings
 + Level 1.7 Necromancy
 + Level 1.7 Translocations
 + Level 1.7 Transmutations
 + Level 1.7 Fire Magic
 + Level 1.7 Ice Magic
 + Level 1.7 Air Magic
 + Level 1.7 Earth Magic
 + Level 1.7 Poison Magic
 + Level 2.4 Invocations
 + Level 2.1 Evocations


You had 11 spell levels left.
You knew the following spells:

 Your Spells              Type           Power      Damage    Failure   Level
a - Slow                  Hex            68%        N/A       3%          1

Your spell library contained the following spells:

 Spells                   Type           Power      Damage    Failure   Level
 Necrotise                Necr           24%        1d5       16%         1
 Inner Flame              Hex/Fire       12%        N/A       22%         3
 Portal Projectile        Hex/Tloc       24%        N/A       22%         3
 Lesser Beckoning         Tloc           12%        N/A       24%         2
 Cause Fear               Hex            8%         N/A       30%         4
 Gell's Gravitas          Tloc           6%         N/A       43%         3
 Teleport Other           Tloc           6%         N/A       43%         3
 Vampiric Draining        Necr           6%         2d6       43%         3
 Agony                    Necr           6%         N/A       99%         5


Dungeon Overview and Level Annotations

Branches:
Dungeon (3/15)

Altars:

Annotations:
D:3 Grinder


Innate Abilities, Weirdness & Mutations

You have very sharp teeth.
Your uncanny sense of smell can sniff out nearby items.
Your experience applies equally to all skills.


Message History

You barely miss Grinder. You bite Grinder, but do no damage.
Grinder is moderately wounded.
Grinder gestures at you. Pain shoots through your body!
You hit Grinder but do no damage. You bite Grinder, but do no damage.
Grinder is moderately wounded.
Grinder hits you.
You writhe in agony.
You hit Grinder. You bite Grinder, but do no damage.
Grinder is heavily wounded.
You hit Grinder.
Grinder is heavily wounded.
Grinder closely misses you. The scorpion stings you.
You are poisoned.
The scorpion poisons you!
You hit the scorpion but do no damage.
The scorpion is poisoned.
You feel very sick. The scorpion barely misses you.
Grinder hits you but does no damage.
You closely miss Grinder.
Grinder is heavily wounded.
You feel sick. You block the scorpion's attack.
You hit Grinder.
Grinder is heavily wounded.
You feel sick.
The scorpion stings you but does no damage.
Grinder hits you.
You writhe in agony.
You hit Grinder.
Grinder is severely wounded.
You feel sick. You block the scorpion's attack. Grinder gestures at you.
You suddenly lose the ability to move!
You feel sick.
Grinder looks more healthy.
The scorpion stings you but does no damage.
You feel sick.
You kill the scorpion!
Grinder hits you!
* * * LOW HITPOINT WARNING * * *
You feel sick. Grinder hits you.
* * * LOW HITPOINT WARNING * * *
You writhe in agony.
You die...

...#. #######.###.###
#..... ..........#.#
#..... #######†[.#.##
#o#...### #......#
#...#...#### ##.....#
#........### #.....#
#...#.##...###.....#
...#####.####.........#
.....>†@....#...##....#
......5...#.##..#######
............##...####
.#.###########.#....####
# ..............
....#######... .....
###. ..... #. ..... #.


You could see Grinder (slow).

Vanquished Creatures
  A scorpion (D:3)
  3 orc priests (D:3)
  2 orc wizards (D:3)
  6 gnolls (D:2)
  2 adders
  2 dart slugs
  6 orcs
  5 endoplasms
  2 giant cockroaches
  12 hobgoblins
  5 jackals (D:1)
  7 kobolds
  3 quokkas
  8 ball pythons
  5 bats (D:1)
  2 frilled lizards
  9 goblins
  5 rats
85 creatures vanquished.

Notes
Turn   | Place    | Note
-------+----------+-------------------------------------------
     0 | D:1      | maniek23 the Gnoll Hexslinger began the quest for the Orb.
     0 | D:1      | Reached XP level 1. HP: 17/17 MP: 4/4
    62 | D:1      | Reached XP level 2. HP: 19/23 MP: 5/5
   773 | D:1      | Reached XP level 3. HP: 22/28 MP: 7/7
   927 | D:2      | Reached skill level 1 in Invocations
  1017 | D:1      | Reached skill level 1 in Short Blades
  1017 | D:1      | Reached skill level 1 in Long Blades
  1017 | D:1      | Reached skill level 1 in Axes
  1017 | D:1      | Reached skill level 1 in Maces & Flails
  1017 | D:1      | Reached skill level 1 in Polearms
  1017 | D:1      | Reached skill level 1 in Staves
  1017 | D:1      | Reached skill level 1 in Throwing
  1017 | D:1      | Reached skill level 1 in Armour
  1017 | D:1      | Reached skill level 1 in Stealth
  1017 | D:1      | Reached skill level 1 in Shields
  1017 | D:1      | Reached skill level 1 in Unarmed Combat
  1017 | D:1      | Reached skill level 1 in Evocations
  1177 | D:2      | Reached XP level 4. HP: 34/34 MP: 8/8
  1294 | D:2      | Reached skill level 1 in Conjurations
  1294 | D:2      | Reached skill level 1 in Summonings
  1294 | D:2      | Reached skill level 1 in Necromancy
  1294 | D:2      | Reached skill level 1 in Translocations
  1294 | D:2      | Reached skill level 1 in Transmutations
  1294 | D:2      | Reached skill level 1 in Fire Magic
  1294 | D:2      | Reached skill level 1 in Ice Magic
  1294 | D:2      | Reached skill level 1 in Air Magic
  1294 | D:2      | Reached skill level 1 in Earth Magic
  1294 | D:2      | Reached skill level 1 in Poison Magic
  1584 | D:2      | Reached XP level 5. HP: 33/40 MP: 9/9
  1940 | D:3      | Reached XP level 6. HP: 16/47 MP: 9/11
  2218 | D:3      | Reached skill level 5 in Ranged Weapons
  2218 | D:3      | Reached skill level 5 in Dodging
  2333 | D:3      | Noticed Grinder
  2357 | D:3      | Paralysed by Grinder for 5 turns
  2360 | D:3      | Slain by Grinder

Illustrated notes

Levels and vault maps discovered:
D:1:      psy_arrival_fountain, layout_basic, hangedman_decor_opposing,
          minivault_26, minmay_box_of_dots
D:2:      layout_rooms, chequers_serial_rivers_micro_e, minmay_joined_circles
D:3:      minmay_goblin_kobold_castle, layout_basic, uniq_grinder

Skill      XL: |  1  2  3  4  5  6 |
---------------+-------------------+-----
Invocations    | 1 2 |  2.4
Short Blades   | 1 2 |  2.1
Long Blades    | 1 2 |  2.1
Axes           | 1 2 |  2.1
Maces & Flails | 1 2 |  2.1
Polearms       | 1 2 |  2.1
Staves         | 1 2 |  2.1
Throwing       | 1 2 |  2.1
Armour         | 1 2 |  2.1
Stealth        | 1 2 |  2.1
Shields        | 1 2 |  2.1
Unarmed Combat | 1 2 |  2.1
Evocations     | 1 2 |  2.1
Spellcasting   | 3 |  3.5
Conjurations   | 1 |  1.7
Summonings     | 1 |  1.7
Necromancy     | 1 |  1.7
Translocations | 1 |  1.7
Transmutations | 1 |  1.7
Fire Magic     | 1 |  1.7
Ice Magic      | 1 |  1.7
Air Magic      | 1 |  1.7
Earth Magic    | 1 |  1.7
Poison Magic   | 1 |  1.7
Fighting       | 3 |  3.4
Ranged Weapons | 5 |  5.1
Dodging        | 5 |  5.1
Hexes          | |  5.7

Action                     |  1- 3 |  4- 6 || total
---------------------------+-------+-------++-------
  Melee: Dagger            |    71 |    62 ||   133
         Bite              |     4 |     4 ||     8
   Fire: Sling             |    33 |   121 ||   154
  Throw: Throwing net      |       |     2 ||     2
   Cast: Slow              |       |     7 ||     7
   Stab: Sleeping          |     3 |       ||     3
 Armour: Robe              |    27 |    13 ||    40
  Dodge: Dodged            |    59 |    51 ||   110
  Block: Buckler           |    19 |    21 ||    40
